 Dungeon Crawl Stone Soup version 0.17-a0-1617-gfba1302 (webtiles) character file.

2178 Conn321 the Bolt Thrower (level 9, 0/71 HPs)
             Began as a Centaur Arcane Marksman on Aug 1, 2015.
             Was an Initiate of Ru.
             Slain by a wolf (10 damage)
             ... led by Grum
             ... on level 8 of the Dungeon.
             The game lasted 00:33:36 (7296 turns).

Conn321 the Bolt Thrower (Centaur Arcane Marksman)  Turns: 7296, Time: 00:33:36

Health: 0/71       AC:  6    Str: 18    XL:     9   Next: 11%
Magic:  2/2        EV: 10    Int: 14    God:    Ru [......]
Gold:   343        SH:  0    Dex:  8    Spells: 2 memorised, 7 levels left

rFire  . . .     SeeInvis .     a - +0 spear (venom)
rCold  . . .     Clarity  .     y - +0 leather armour (curse)
rNeg   . . .     SustAt   .     (no shield)
rPois  .         Gourm    .     (no helmet)
rElec  +         Spirit   .     M - +0 cloak
rCorr  .         Warding  .     (no gloves)
rMut   .         Stasis   .     (no barding)
MR     .....                    (no amulet)
Stlth  ++........               B - ring of Atufoh {rElec MP-9 Str+2 Slay+5}
                                I - ring of stealth

@: very quick, not resistant to hostile enchantments, unstealthy
A: hooves 3, deformed body, speed 2, tough skin 3
a: Renounce Religion


You were on level 8 of the Dungeon.
You worshipped Ru.
Ru was noncommittal.
You were not hungry.

You visited 2 branches of the dungeon, and saw 9 of its levels.

You collected 343 gold pieces.

Inventory:

Hand weapons
 a - a +0 spear of venom (weapon)
 b - a +1 hand crossbow
 s - a +0 short sword
 C - a +0 morningstar
Missiles
 f - 125 arrows
 g - 97 sling bullets
 k - 191 stones
 m - 74 bolts
 t - 8 poisoned bolts
 J - 4 tomahawks of returning (quivered)
Armour
 c - a +0 robe
 y - a cursed +0 leather armour (worn)
 M - a +0 cloak (worn)
Jewellery
 q - an uncursed ring of sustain attributes
 B - the ring of Atufoh (right hand) {rElec MP-9 Str+2 Slay+5}
   (You found it on level 4 of the Dungeon)

   [ring of slaying]

   It affects your strength (+2).
   It affects your accuracy and damage with ranged weapons and melee attacks
   (+5).
   It insulates you from electricity.
   It affects your magic capacity (-9).
 I - a ring of stealth (left hand)
Magical devices
 v - a wand of digging (8)
 E - a wand of paralysis (10)
 N - a wand of lightning (0)
Scrolls
 h - a scroll of immolation {unknown}
 i - 6 scrolls of identify
 l - 2 scrolls of remove curse
 w - 2 scrolls of fog
 H - a scroll of noise {unknown}
 K - a scroll of magic mapping {unknown}
 L - a scroll of amnesia {unknown}
 O - 2 scrolls of enchant weapon
 P - a scroll of enchant armour {unknown}
Potions
 j - 3 potions of might
 n - 3 potions of haste
 o - 3 potions of cancellation
 r - 3 potions of resistance {unknown}
 z - 2 potions of heal wounds
 A - a potion of brilliance {unknown}
 F - 2 potions of lignification {unknown}
 G - 2 potions of curing {unknown}
Books
 d - a book of Debilitation

   Spells                             Type                      Level
   a - Corona                         Hexes                        1
   b - Slow                           Hexes                        2
   c - Gell's Gravitas                Hexes/Translocation          3
   d - Inner Flame                    Hexes/Fire                   3
   e - Cause Fear                     Hexes                        4
   f - Leda's Liquefaction            Hexes/Earth                  4
 D - a Fen Folio

   Spells                             Type                      Level
   a - Corpse Rot                     Necromancy                   2
   b - Stone Arrow                    Conjuration/Earth            3
   c - Leda's Liquefaction            Hexes/Earth                  4
   d - Summon Forest                  Summoning/Translocation      5
   e - Hydra Form                     Transmutation                6
   f - Summon Hydra                   Summoning                    7
 R - a book of Geomancy

   Spells                             Type                      Level
   a - Sandblast                      Earth                        1
   b - Stoneskin                      Transmutation/Earth          2
   c - Passwall                       Transmutation/Earth          3
   d - Stone Arrow                    Conjuration/Earth            3
   e - Petrify                        Transmutation/Earth          4
   f - Lee's Rapid Deconstruction     Earth                        5
Comestibles
 e - 7 bread rations
 p - 3 beef jerkies
 u - 3 fruits
 x - 4 meat rations
 Q - 4 chunks of flesh


   Skills:
 + Level 4.2 Fighting
 + Level 0.1 Short Blades
 + Level 0.8 Maces & Flails
 + Level 3.8 Polearms
 + Level 5.3 Crossbows
 + Level 1.5 Throwing
 + Level 3.4 Armour
 + Level 5.2 Dodging
 + Level 0.9 Stealth
 + Level 1.4 Spellcasting
 + Level 3.6 Hexes
 + Level 0.6 Evocations


You had 7 spell levels left.
You knew the following spells:

 Your Spells              Type           Power        Failure   Level  Hunger
a - Corona                Hex            ##.....      8%          1    ##.....
b - Slow                  Hex            ##......     12%         2    ###....


Dungeon Overview and Level Annotations

Branches:
Dungeon (8/15)             Temple (1/1) D:6
   Lair: D:8-11

Altars:
Ashenzari
Cheibriados
Dithmenos
Elyvilon
Fedhas
Gozag
Kikubaaqudgha
Makhleb
Nemelex Xobeh
Okawaru
Qazlal
Ru
Sif Muna
Trog
Vehumet
Xom
Yredelemnul
Zin
The Shining One

Annotations:
D:7 Duvessa
D:8 Grum


Innate Abilities, Weirdness & Mutations

You have hooves in place of feet.
Armour fits poorly on your strangely shaped body.
You cover ground very quickly.
You have extremely tough skin (AC +3).


Message History

Press: ? - help, Shift-Dir - straight line, f/p - Grum
Aim: Grum, wielding a spear and wearing an animal skin (heavily wounded, poisoned)
You throw a tomahawk of returning.
The tomahawk of returning barely misses Grum.
The tomahawk of returning hits the wolf!
The wolf is moderately wounded.
The tomahawk of returning fails to return to your pack!
Attack whom?
Press: ? - help, Dir - move target cursor, f - wolf, p - Grum
Aim: a wolf You reach to attack!
You hit the wolf but do no damage. You hit the wolf.
The wolf is poisoned.
Your kick misses the wolf.
The wolf is moderately wounded.
The wolf bites you.
* * * LOW HITPOINT WARNING * * *
The wolf barely misses you.
Grum looks more healthy.
The wolf completely misses you. The wolf bites you!
You die...

#......#.......#
†.(...........##
#......#......#
##.....>g.....#
##.#.###...#.# #
###.# ##.##.# .#
#.# #.##.# ..#
#.#
#.##.######...##
#.#
#.#..hh@........
...
..#...[.........
##.
###<............
#######.#...#>
.#.[.# .# ..# .#
.# .# .# ..


You could see 2 wolves.

Vanquished Creatures
  A troll (D:8)
  Eustachio (D:6)
  Menkaure (D:4)
  A wolf (D:8)
  A water moccasin (D:5)
  A phantom (D:5)
  An ogre (D:5)
  5 giant frogs
  Dowan (D:7)
  3 wights (D:6)
  2 crimson imps
  3 killer bees
  2 hounds
  4 orc wizards
  An orc priest (D:6)
  3 worker ants
  A hound zombie (D:5)
  A worker ant zombie (D:6)
  A hound skeleton (D:6)
  7 adders
  4 gnolls (D:6)
  2 shadow imps
  3 oozes
  2 adder zombies
  An adder skeleton (D:6)
  5 worms
  7 giant geckos
  22 orcs
  5 goblins
  8 hobgoblins
  14 jackals
  4 kobolds
  4 quokkas
  3 ball pythons
  7 bats
  8 giant cockroaches
  5 giant newts
  A quokka skeleton (D:6)
  A quokka zombie (D:5)
  9 rats
156 creatures vanquished.

Notes
Turn   | Place    | Note
--------------------------------------------------------------
     0 | D:1      | Conn321 the Centaur Arcane Marksman began the quest for the Orb.
     0 | D:1      | Reached XP level 1. HP: 16/16 MP: 2/2
   187 | D:1      | Reached skill level 3 in Hexes
   232 | D:1      | Reached XP level 2. HP: 12/23 MP: 3/3
   600 | D:1      | Learned a level 2 spell: Slow
  1000 | D:2      | Reached XP level 3. HP: 25/28 MP: 4/4
  1087 | D:2      | Found a faded altar to an unknown god.
  1808 | D:3      | Reached XP level 4. HP: 28/35 MP: 5/5
  3033 | D:4      | Noticed Menkaure
  3059 | D:4      | HP: 1/35 [Menkaure/nerve-wracking pain (10)]
  3063 | D:4      | Killed Menkaure
  3063 | D:4      | Reached skill level 1 in Polearms
  3063 | D:4      | Reached XP level 5. HP: 18/40 MP: 3/7
  3412 | D:4      | Reached XP level 6. HP: 34/47 MP: 8/8
  3624 | D:4      | Got a scintillating platinum ring
  3625 | D:4      | Identified the ring of Atufoh {rElec MP-9 Str+2 Slay+5} (You found it on level 4 of the Dungeon)
  4254 | D:5      | Entered Level 5 of the Dungeon
  4265 | D:5      | Reached skill level 4 in Crossbows
  4536 | D:5      | Reached skill level 1 in Armour
  4602 | D:5      | Reached XP level 7. HP: 40/53 MP: 0/9
  4777 | D:5      | Noticed a water moccasin
  4788 | D:5      | Killed a water moccasin
  5285 | D:6      | Reached skill level 5 in Crossbows
  5297 | D:6      | Noticed Eustachio
  5310 | D:6      | Killed Eustachio
  5320 | D:6      | Reached XP level 8. HP: 13/62 MP: 1/10
  5596 | D:6      | HP: 3/63 [wight/enchanted flail (3)]
  6200 | D:6      | Found a staircase to the Ecumenical Temple.
  6206 | Temple   | Entered the Ecumenical Temple
  6344 | Temple   | Became a worshipper of Ru the Awakened
  6410 | D:7      | Reached skill level 1 in Throwing
  6636 | D:7      | Found a white marble altar of Elyvilon.
  6704 | D:7      | Noticed Duvessa
  6704 | D:7      | Noticed Dowan
  6715 | D:7      | Killed Dowan
  7063 | D:8      | Noticed a troll
  7083 | D:8      | Killed a troll
  7083 | D:8      | Reached skill level 5 in Dodging
  7090 | D:8      | Reached XP level 9. HP: 35/71 MP: 2/11
  7258 | D:8      | Noticed Grum
  7296 | D:8      | Slain by a wolf

Vault maps used:
D:1:      minmay_arrival_four_circles
D:2:      ecumenical_altar_1
D:3:      first_bread
D:4:      uniq_menkaure
D:6:      minmay_temple_entry_fiery, serial_shops, shop, uniq_eustachio
D:7:      kennysheep_mini_moat, uniq_duvessa
D:8:      uniq_grum
Temple:   grunt_circular_temple_18

Action                   |  1- 3 |  4- 6 |  7- 9 || total
-------------------------+-------+-------+-------++-------
Melee: Short sword       |    85 |       |       ||    85
       Spear             |    40 |   116 |   238 ||   394
       Morningstar       |       |    21 |       ||    21
 Fire: Hand crossbow     |    43 |    38 |     2 ||    83
Throw: Tomahawk          |       |       |     7 ||     7
 Cast: Corona            |     1 |       |     1 ||     2
       Slow              |     2 |     2 |       ||     4
Evoke: Wand              |       |       |     5 ||     5
  Use: Scroll            |     6 |     2 |     1 ||     9
       Potion            |       |     4 |     2 ||     6
  Eat: Chunk             |     2 |     8 |     8 ||    18
